 Dungeon Crawl Stone Soup version 0.31.0-2-g5a2aebc5c2 (webtiles) character file.

Game seed: 13507484831709125632

26754 SPEEDINGBOAT the Fighter (level 13, -3/119 HPs)
             Began as a Minotaur Berserker on Jan 21, 2024.
             Was a High Priest of Trog.
             Slain by a nine-headed hydra (6 damage)
             ... on level 3 of the Lair of Beasts.
             The game lasted 00:21:31 (14627 turns).

SPEEDINGBOAT the Fighter (Minotaur Berserker)      Turns: 14627, Time: 00:21:31

Health: -3/119     AC: 17    Str: 27    XL:     13   Next: 0%
Magic:  12/12      EV: 14    Int:  4    God:    Trog [*****.]
Gold:   672        SH:  0    Dex: 10    Spells: 12/12 levels left

rFire   . . .        F - +5 scythe "Finisher" {speed, execute}
rCold   + . .        (shield currently unavailable)
rNeg    + . .        t - +7 Kryia's mail coat {PotionHeal*2 rC+}
rPois   .            (helmet restricted)
rElec   .            (no cloak)
rCorr   .            x - +0 pair of gloves
SInv    +            (no boots)
Will    ++...        m - amulet of faith Stlth
                     f - ring of positive energy
HPRegen 1.39/turn    g - ring of see invisible
MPRegen 0.13/turn

%: faith
@: strong-willed, on berserk cooldown, regenerating, slowed, very slow
A: horns 2, retaliatory headbutt
a: Renounce Religion, Berserk, Trog's Hand, Brothers in Arms


You were on level 3 of the Lair of Beasts.
You worshipped Trog.
Trog was extremely pleased with you.
You visited 2 branches of the dungeon, and saw 14 of its levels.

You collected 782 gold pieces.
You spent 110 gold pieces at shops.

Inventory:

Hand Weapons
 E - the +6 flail of the Hurting Shrike {speed, Int+3}
   (You found it on level 8 of the Dungeon)

   Int+3:     It affects your intelligence (+3).
 F - the +5 scythe "Finisher" (weapon) {speed, execute}
   (You found it on level 8 of the Dungeon)
Missiles
 a - 2 throwing nets (quivered)
Armour
 t - the +7 Kryia's mail coat (worn) {PotionHeal*2 rC+}
   (You found it on level 5 of the Dungeon)

   PotionHeal*2: Potions heal its wearer twice as much.
   rC+:       It protects you from cold.
 x - a +0 pair of gloves (worn)
 B - a +0 buckler
Jewellery
 f - a ring of positive energy (left hand)
 g - a ring of see invisible (right hand)
 m - an amulet of faith (around neck)
 K - an amulet of guardian spirit
Wands
 h - a wand of flame (20)
 r - a wand of charming (22)
 v - a wand of iceblast (16)
 D - a wand of acid (20)
 J - a wand of polymorph (4)
Scrolls
 b - 8 scrolls of teleportation
 e - a scroll of enchant armour
 i - a scroll of noise {unknown}
 j - a scroll of blinking {unknown}
 k - 2 scrolls of revelation
 l - 2 scrolls of poison
 s - a scroll of fog {unknown}
 y - a scroll of enchant weapon
 C - 4 scrolls of brand weapon {unknown}
 M - a scroll of identify
Potions
 c - 3 potions of attraction
 n - a potion of berserk rage
 o - 3 potions of might
 p - 4 potions of ambrosia
 u - 2 potions of enlightenment
 w - 3 potions of magic
 A - 2 potions of lignification
 G - 2 potions of resistance {unknown}
 H - a potion of brilliance {unknown}
 I - a potion of mutation {unknown}
 L - a potion of cancellation {unknown}


   Skills:
 * Level 12.7 Fighting
 * Level 12.7 Axes
 * Level 12.1 Armour
 * Level 11.1 Dodging
 - Level 4.4 Shields
 * Level 8.0 Evocations


You had 12 spell levels left.
You didn't know any spells.
Your spell library was empty.

Dungeon Overview and Level Annotations

Branches:
Dungeon (11/15)            Temple (0/1) D:6            Lair (3/5) D:8
  Swamp (0/4) Lair:2          Orc (0/2) D:11
  Snake: Lair:2-3    Spider: Lair:2-3

Altars:
Gozag
Ru
Trog
Wu Jian
Xom
The Shining One

Shops:
D:4 *


Innate Abilities, Weirdness & Mutations

You have a pair of horns on your head.
You reflexively headbutt those who attack you in melee.


Message History

You barely miss the eight-headed hydra.
The eight-headed hydra is severely wounded.
The eight-headed hydra bites you.
* * * LOW HITPOINT WARNING * * *
The eight-headed hydra bites you but does no damage. x2
The eight-headed hydra closely misses you.
The eight-headed hydra barely misses you.
The eight-headed hydra misses you.
The eight-headed hydra bites you but does no damage.
The eight-headed hydra completely misses you.
The eight-headed hydra bites you but does no damage.
The eight-headed hydra bites you.
* * * LOW HITPOINT WARNING * * *
The eight-headed hydra closely misses you.
The eight-headed hydra barely misses you. x2
The eight-headed hydra closely misses you.
The eight-headed hydra bites you but does no damage.
The eight-headed hydra closely misses you.
You completely miss the eight-headed hydra.
The eight-headed hydra is severely wounded.
The eight-headed hydra completely misses you.
You furiously retaliate!
You headbutt the eight-headed hydra. The eight-headed hydra bites you!
* * * LOW HITPOINT WARNING * * *
The eight-headed hydra bites you!
* * * LOW HITPOINT WARNING * * *
The eight-headed hydra bites you but does no damage. x3
The eight-headed hydra bites you!
* * * LOW HITPOINT WARNING * * *
The eight-headed hydra bites you but does no damage.
You lop one of the eight-headed hydra's heads off!
The seven-headed hydra grows two more!
You hit the nine-headed hydra. You headbutt the nine-headed hydra.
The nine-headed hydra is severely wounded.
The nine-headed hydra completely misses you.
The nine-headed hydra bites you.
* * * LOW HITPOINT WARNING * * *
The nine-headed hydra bites you but does no damage.
The nine-headed hydra bites you.
You die...

##...## #8.
##....# #..
##..#### #...
###....# ####
#......# # .
####.....## ...
##.#......#
....#.#..##...#
#...@###P..#
#...D.####.#
#....#†## ##
........#
.......P#
........#
........#
.........
.?......


You could see a nine-headed hydra.

Vanquished Creatures
  2 hydras
  Harold (D:9)
  A dancing weapon (D:8)
  A death knight (D:9)
  A two-headed ogre (D:11)
  The ghost of ChrisAssaf the Twirler, a novice HuGl of Ashenzari (D:9)
  The ghost of ChrisAssaf the Nimble, a novice GnGl of Ru (D:8)
  A skeletal warrior (D:8)
  2 spriggan druids (Lair:2)
  A cyclops (D:10)
  An elephant (D:8)
  Joseph (D:7)
  2 black mambas
  A gargoyle (D:11)
  Maggie (D:6)
  9 cane toads
  5 komodo dragons
  3 polar bears
  4 trolls
  3 blink frogs (Lair:2)
  5 dream sheep (Lair:3)
  Sigmund (D:3)
  A shadow (D:10)
  2 wyverns
  27 yaks
  8 wraiths
  A basilisk (D:8)
  Menkaure (D:4)
  5 water moccasins
  A black bear (D:8)
  7 orc warriors
  4 sky beasts
  2 ice beasts
  3 centaurs
  8 wolves
  A phantom (D:5)
  A kobold brigand (D:5)
  8 bullfrogs
  A gnoll sergeant (D:7)
  5 scorpions
  8 killer bees
  An electric eel (D:10)
  9 howler monkeys
  2 bombardier beetles
  4 hounds
  8 orc priests
  2 iguanas
  Natasha (thrice) (D:3)
  9 orc wizards
  5 gnolls
  11 adders
  2 shadow imps
  2 white imps (D:6)
  2 ribbon worms (D:2)
  5 dart slugs
  45 orcs
  A ball python (D:4)
  6 endoplasms
  2 giant cockroaches
  9 goblins
  4 hobgoblins
  13 jackals
  4 quokkas (D:2)
  3 bats
  3 frilled lizards (D:2)
  26 kobolds
  4 rats
327 creatures vanquished.

Vanquished Creatures (collateral kills)
  A wolf (Lair:2)
1 creature vanquished.

Grand Total: 328 creatures vanquished

Notes
Turn   | Place    | Note
-------+----------+-------------------------------------------
     0 | D:1      | SPEEDINGBOAT the Minotaur Berserker began the quest for the
                  | Orb.
     0 | D:1      | Reached XP level 1. HP: 19/19 MP: 0/0
   204 | D:1      | Reached XP level 2. HP: 27/27 MP: 1/1
   601 | D:2      | Reached XP level 3. HP: 34/34 MP: 2/2
  1055 | D:2      | Reached XP level 4. HP: 41/41 MP: 3/3
  1062 | D:2      | Reached ** piety under Trog
  1532 | D:3      | Reached skill level 5 in Fighting
  1570 | D:3      | Found a faded altar of an unknown god.
  1585 | D:3      | Noticed Natasha
  1593 | D:3      | Killed Natasha
  1594 | D:3      | Reached skill level 5 in Axes
  1855 | D:3      | Noticed Natasha
  1858 | D:3      | Killed Natasha
  1859 | D:3      | Reached XP level 5. HP: 48/48 MP: 4/4
  1963 | D:3      | Noticed Sigmund
  1976 | D:3      | Killed Sigmund
  1977 | D:3      | Reached XP level 6. HP: 57/57 MP: 5/5
  2160 | D:3      | Noticed Natasha
  2169 | D:3      | Killed Natasha
  2741 | D:4      | Noticed Menkaure
  2747 | D:4      | Killed Menkaure
  2748 | D:4      | Reached XP level 7. HP: 63/63 MP: 6/6
  2908 | D:4      | Reached *** piety under Trog
  3257 | D:4      | Found Teruhakh's General Store.
  3265 | D:4      | Bought a scroll of teleportation for 30 gold pieces
  3265 | D:4      | Bought a potion of might for 40 gold pieces
  3265 | D:4      | Bought a scroll of fear for 40 gold pieces
  3358 | D:4      | Reached skill level 5 in Armour
  3510 | D:5      | Entered Level 5 of the Dungeon
  3510 | D:5      | Found the +7 Kryia's mail coat {PotionHeal*2 rC+}
  3717 | D:5      | Reached skill level 5 in Dodging
  3783 | D:5      | Reached XP level 8. HP: 63/73 MP: 7/7
  3795 | D:5      | Reached **** piety under Trog
  4715 | D:6      | Reached skill level 1 in Evocations
  5009 | D:6      | Noticed Maggie
  5024 | D:6      | Killed Maggie
  5147 | D:6      | Found a staircase to the Ecumenical Temple.
  5246 | D:6      | Reached XP level 9. HP: 81/81 MP: 8/8
  5293 | D:6      | Found a bloodstained altar of Trog.
  5522 | D:7      | Noticed Joseph
  5535 | D:7      | Killed Joseph
  6484 | D:8      | Noticed ChrisAssaf's ghost (novice GnGl)
  6484 | D:8      | Found a runed translucent door.
  6484 | D:8      | Found a staircase to the Lair.
  6484 | D:8      | Found a shimmering altar of Xom.
  6485 | D:8      | Noticed a +2 flail of chaos
  6486 | D:8      | Noticed an elephant
  6561 | D:8      | Noticed a troll
  6576 | D:8      | Reached skill level 1 in Shields
  6580 | D:8      | Killed a troll
  6582 | D:8      | Reached ***** piety under Trog
  6582 | D:8      | Noticed a komodo dragon
  6592 | D:8      | Killed a komodo dragon
  6593 | D:8      | Reached XP level 10. HP: 76/91 MP: 9/9
  6871 | D:8      | Killed an elephant
  7144 | D:8      | Noticed a skeletal warrior
  7178 | D:8      | Killed a skeletal warrior
  7491 | D:8      | Found the +5 scythe "Finisher" {speed, execute}
  7623 | D:8      | Identified the +6 flail of the Hurting Shrike {speed,
                  | Int+3}
  7895 | D:8      | Killed a +2 flail of chaos
  7896 | D:8      | Reached skill level 10 in Fighting
  7896 | D:8      | Reached skill level 10 in Axes
  7896 | D:8      | Reached skill level 5 in Evocations
  7905 | D:8      | Killed ChrisAssaf's ghost
  8073 | D:9      | Noticed Harold
  8082 | D:9      | Killed Harold
  8083 | D:9      | Reached XP level 11. HP: 66/101 MP: 10/10
  8173 | D:9      | Noticed a death knight
  8182 | D:9      | Killed a death knight
  8607 | D:9      | Found a runed translucent gate.
  8607 | D:9      | Found a runed translucent gate.
  8607 | D:9      | Found a runed translucent gate.
  8609 | D:9      | Noticed ChrisAssaf's ghost (novice HuGl)
  8609 | D:9      | Noticed a nine-headed hydra
  8929 | D:9      | Found a glowing golden altar of the Shining One.
  8931 | D:9      | Found a sacrificial altar of Ru.
  8931 | D:9      | Found an opulent altar of Gozag.
  8932 | D:9      | Found an ornate altar of the Wu Jian Council.
  9050 | D:9      | Killed a 13-headed hydra
  9057 | D:9      | Killed ChrisAssaf's ghost
  9058 | D:9      | Reached skill level 10 in Armour
  9118 | D:10     | Entered Level 10 of the Dungeon
 10849 | D:11     | Noticed a two-headed ogre
 10852 | D:11     | Killed a two-headed ogre
 10918 | D:11     | Found a staircase to the Orcish Mines.
 11152 | D:11     | Reached XP level 12. HP: 110/110 MP: 11/11
 11579 | Lair:1   | Entered Level 1 of the Lair of Beasts
 11598 | Lair:1   | Reached skill level 10 in Dodging
 11890 | Lair:1   | Received a gift from Trog
 12760 | Lair:2   | HP: 3/168 [spriggan druid/+0 quarterstaff (7)]
 12765 | Lair:2   | HP: 5/112 [spriggan druid/+0 quarterstaff (7)]
 13400 | Lair:2   | Identified the +1 robe "Belahiaq" {+Inv Str+2}
 13507 | Lair:2   | Found a staircase to the Swamp.
 14597 | Lair:3   | Noticed an eight-headed hydra
 14606 | Lair:3   | Killed a 13-headed hydra
 14607 | Lair:3   | Reached XP level 13. HP: 115/119 MP: 12/12
 14626 | Lair:3   | HP: 3/119 [eight-headed hydra (13)]
 14627 | Lair:3   | Slain by a nine-headed hydra

Illustrated notes

Levels and vault maps discovered:
D:1:      amcnicky_arrival_feature_with_door, layout_basic, serial_glass,
          glass_columns_c, glass_columns_a
D:2:      layout_loops_ring, st_stairs_13, cheibrodos_gnoll_hut
D:3:      layout_basic, shapermc_ecumenical_altar_totnotflames,
          guppyfry_early_orc_mine, uniq_crazy_yiuf_cottage, uniq_natasha,
          uniq_sigmund
D:4:      layout_gridville, serial_shops,
          nicolae_shop_competitors_out_of_business, uniq_menkaure
D:5:      kennysheep_kobold_camp, layout_layer_cave
D:6:      layout_gridville, mainiacjoe_overflow_brackets,
          minmay_temple_entry_mist, serial_glass, glass_columns_c,
          glass_columns_a, roderic_filled_cross, kennysheep_flooded_box,
          uniq_maggie
D:7:      layout_loops_ring, uniq_joseph
D:8:      layout_loops_cross, david_lair_generic, ebering_ghost_xom,
          minmay_guarded_unrand_finisher
D:9:      nicolae_cairo_tiling, layout_cave_pools,
          chequers_temple_overflow_statue_of_worship,
          gammafunk_ghost_hydra_chop, nrook_mini_vaults, uniq_harold
D:10:     layout_basic
D:11:     layout_gridville, david_orc_5
Lair:1:   layout_hall_layers, lemuel_fruit_tree
Lair:2:   layout_regular_city, mainiacjoe_swamp_entry_angry_trees
Lair:3:   layout_cave_pods, nicolae_spider_entry_non_spiders, grunt_megastairs_1

Skill      XL: |  1  2  3  4  5  6  7  8  9 10 11 12 |
---------------+-------------------------------------+-----
Fighting       | 4 5 6 7 8 9 10 11 12 | 12.7
Axes           | 4 5 6 7 8 9 10 11 12 | 12.7
Armour         | 3 4 5 6 8 9 10 12 | 12.1
Dodging        | 3 4 5 6 7 8 9 11 | 11.1
Evocations     | 2 4 5 6 8 |  8.0
Shields        | 2 4 |  4.4

Action                     |  1- 3 |  4- 6 |  7- 9 | 10-12 | 13-15 || total
---------------------------+-------+-------+-------+-------+-------++-------
  Melee: Hand axe          |    69 |    88 |   308 |   111 |       ||   576
         Headbutt          |     9 |    12 |    54 |    78 |     3 ||   156
         Punch             |     1 |       |     2 |     1 |       ||     4
         Flail             |       |       |       |    20 |       ||    20
         Scythe            |       |       |       |   366 |    10 ||   376
 Invoke: Berserk           |       |     2 |     4 |    12 |       ||    18
         Trog's Hand       |       |       |     1 |     2 |     1 ||     4
  Evoke: Wand              |       |       |       |     2 |       ||     2
    Use: Scroll            |       |     5 |     5 |     5 |       ||    15
         Potion            |       |       |       |     3 |       ||     3
 Armour: Animal skin       |     5 |       |       |       |       ||     5
         Ring mail         |    36 |    21 |       |       |       ||    57
         Chain mail        |       |    39 |    33 |       |       ||    72
         Scale mail        |       |       |   188 |   425 |    48 ||   661
  Dodge: Dodged            |    39 |    41 |   183 |   318 |    42 ||   623
  Block: Buckler           |       |       |       |    14 |       ||    14
